 Dungeon Crawl Stone Soup version 0.20.1-1-g8b1a95d (webtiles) character file.

62 Irenicus the Shield-Bearer (level 3, 0/33 HPs)
             Began as a Deep Dwarf Fighter on Oct 27, 2017.
             Slain by a gnoll
             ... wielding a +0 flail
              (7 damage)
             ... on level 3 of the Dungeon.
             The game lasted 00:04:02 (1371 turns).

Irenicus the Shield-Bearer (Deep Dwarf Fighter)     Turns: 1371, Time: 00:04:03

Health: 0/33       AC:  5    Str: 19    XL:     3   Next: 85%
Magic:  3/3        EV: 10    Int:  8    God:
Gold:   162        SH:  0    Dex: 18    Spells: 2/2 levels left

rFire    . . .     SeeInvis .   n - +1 hand axe (freeze)
rCold    . . .     Gourm    .   (no shield)
rNeg     + . .     Faith    .   e - +0 ring mail (curse)
rPois    .         Spirit   .   (no helmet)
rElec    .         Reflect  .   (no cloak)
rCorr    .         Harm     .   (no gloves)
MR       .....                  (no boots)
Stlth    +.........             (no amulet)
Regen    0.0/turn               h - +5 ring of dexterity
MPRegen  0.1/turn               u - ring of positive energy

@: non-regenerating
A: damage resistance, heal wounds, sense surroundings 1, no regeneration
a: Heal Wounds


You were on level 3 of the Dungeon.
You were hungry.

You visited 1 branch of the dungeon, and saw 3 of its levels.

You collected 162 gold pieces.

Inventory:

Hand Weapons
 n - a +1 hand axe of freezing (weapon)
Armour
 b - a +0 shield
 e - a cursed +0 ring mail (worn)
Jewellery
 h - a +5 ring of dexterity (left hand)
 q - an uncursed ring of magical power
 u - a ring of positive energy (right hand)
Scrolls
 g - a scroll of fear {unknown}
 i - a scroll of amnesia {unknown}
 k - a scroll of immolation {unknown}
 l - 3 scrolls of remove curse {unknown}
 r - a scroll of enchant weapon {unknown}
 s - 2 scrolls of identify {unknown}
 t - a scroll of recharging {unknown}
Potions
 c - 2 potions of might
 m - a potion of flight {unknown}
 o - 2 potions of haste {unknown}
 p - a potion of curing {unknown}
Comestibles
 d - 3 bread rations
 f - 2 meat rations
 j - 3 fruits


   Skills:
 - Level 2.6 Fighting
 * Level 2.2 Axes
 - Level 3.2 Armour
 - Level 3.2 Shields
 - Level 3.1 Unarmed Combat


You had 2 spell levels left.
You didn't know any spells.

Dungeon Overview and Level Annotations

Branches:
Dungeon (3/15)

Altars:
Zin


Innate Abilities, Weirdness & Mutations

You are resistant to damage.
You can heal yourself by infusing magical energy.
You passively map a small area around you.
You do not regenerate.


Message History

There is a stone staircase leading down here.
You climb downwards.
There is a stone staircase leading up here.
There is a stone staircase leading up here.
l - 3 scrolls labeled EZITHE XYDIVA (gained 1) 2 gnolls come into view.
The gnoll shouts!
You hear a shout!
The gnoll shouts!
The gnoll closely misses you.
A gnoll comes into view. It is wielding a flail.
The gnoll hits you from afar with a spear.
There is a stone staircase leading up here.
You barely miss the gnoll. The gnoll hits you but does no damage.
The gnoll closely misses you. The gnoll hits you with a flail.
There is a stone staircase leading up here.
You hit the gnoll but do no damage. You closely miss the gnoll.
The gnoll hits you but does no damage. The gnoll hits you with a flail!
* * * LOW HITPOINT WARNING * * *
The gnoll hits you with a flail!
You die...

* #....# , *#.#
* #.# #.# , #.#
#g########### ,
##...........# ,
,,*
#<##########.#
###.ggg@.## #.#
, #.........#
#.# #.#####.#.#
#.# #.# #.#.#
#.# #.#####.#.#
#.#
#.......#.####.#
#######.#......#
#.######.# ###
###


You could see 3 gnolls.

Vanquished Creatures
  An adder (D:2)
  An adder skeleton (D:3)
  A dart slug (D:1)
  3 leopard geckos (D:1)
  2 orcs
  3 ball pythons
  4 giant cockroaches
  3 goblins
  4 hobgoblins
  7 jackals
  3 kobolds (D:2)
  2 bats
  2 frilled lizards
  4 rats
40 creatures vanquished.

Notes
Turn   | Place    | Note
-------+----------+-------------------------------------------
     0 | D:1      | Irenicus the Deep Dwarf Fighter began the quest for the Orb.
     0 | D:1      | Reached XP level 1. HP: 20/20 MP: 1/1
   251 | D:1      | Reached XP level 2. HP: 22/27 MP: 2/2
   776 | D:2      | Reached XP level 3. HP: 10/33 MP: 3/3
  1000 | D:2      | Reached skill level 1 in Axes
  1148 | D:2      | Found a glowing silver altar of Zin.
  1371 | D:3      | Slain by a gnoll

Skill      XL: |  1  2  3 |
---------------+----------+-----
Unarmed Combat | 2 3 |  3.1
Axes           | 2 |  2.2
Fighting       | |  2.6
Armour         | |  3.2
Shields        | |  3.2

Action                   || total
-------------------------++-------
Melee: Unarmed           ||   122
       Hand axe          ||    42
       Punch             ||     1
  Use: Potion            ||     1
  Eat: Chunk             ||     1
Armor: Ring mail         ||    75
Dodge: Dodged            ||   107
Block: Shield            ||     6
